 Dungeon Crawl Stone Soup version 0.31-a0-1610-g9787180647 (webtiles) character file.

Game seed: 17850416424935262589

76 Inarius the Ducker (level 4, 0/31 HPs)
             Began as an Octopode Fighter on Jan 8, 2024.
             Slain by a gnoll
             ... wielding a +0 club
              (3 damage)
             ... on level 2 of the Dungeon.
             The game lasted 00:01:08 (1223 turns).

Inarius the Ducker (Octopode Fighter)               Turns: 1223, Time: 00:01:09

Health: 0/31       AC:  1    Str: 15    XL:     4   Next: 32%
Magic:  4/4        EV: 13    Int: 10    God:
Gold:   62         SH:  5    Dex: 13    Spells: 3/3 levels left

rFire   . . .        a - +0 war axe
rCold   . . .        b - +0 buckler
rNeg    + . .        (helmet restricted)
rPois   .            (no amulet)
rElec   .            d - ring of positive energy
rCorr   .            (no ring)
SInv    .            (no ring)
Will    .....        (no ring)
Stlth   ++           (no ring)
HPRegen 0.25/turn    (no ring)
MPRegen 0.09/turn    (no ring)
                     (no ring)

%: no passive effects
@: no status effects
A: almost no armour, amphibious, 8 rings, camouflage 1, gelatinous body 1,
(nimble swimmer 1), tentacles
a: no special abilities


You were on level 2 of the Dungeon.
You visited 1 branch of the dungeon, and saw 2 of its levels.

You collected 62 gold pieces.

Inventory:

Hand Weapons
 a - a +0 war axe (weapon)
Armour
 b - a +0 buckler (worn)
Jewellery
 d - a ring of positive energy (left tentacle)
Scrolls
 e - a scroll of enchant weapon {unknown}
 g - a scroll of identify {unknown}
 h - a scroll of vulnerability {unknown}
 i - a scroll of brand weapon {unknown}
 k - a scroll of blinking {unknown}
Potions
 c - a potion of might
 f - a potion of lignification {unknown}
 j - a potion of berserk rage {unknown}


   Skills:
 + Level 3.4 Fighting
 + Level 3.1 Axes
 + Level 3.5 Dodging
 + Level 0.6 Stealth
 + Level 3.3 Shields


You had 3 spell levels left.
You didn't know any spells.
Your spell library was empty.

Dungeon Overview and Level Annotations

Branches:
Dungeon (2/15)

Altars:


Innate Abilities, Weirdness & Mutations

You cannot wear most types of armour.
You are amphibious.
You can wear up to eight rings at the same time.
Your skin changes colour to match your surroundings (Stealth+).
Your rubbery body absorbs attacks. (AC +1, EV +1)
((You are camouflaged when in or above water. (Stealth+)))
You have tentacles for arms and can constrict up to eight enemies at once.


Message History

You constrict the orc, but do no damage.
You block the orc's attack. x2
You slash the orc!
You kill the orc!
A gnoll comes into view. It is wielding a +0 club.
The gnoll hits you with a +0 flail. The rat misses you.
You hit the gnoll. Your grab misses the gnoll.
The gnoll is heavily wounded.
You slash the rat!
You kill the rat!
The gnoll barely misses you. The gnoll closely misses you.
You closely miss the gnoll. You grab the gnoll.
The gnoll is heavily wounded.
You constrict the gnoll. The gnoll misses you. x2
You slash the gnoll!
You kill the gnoll!
The gnoll closely misses you. The adder barely misses you.
The gnoll hits you from afar with a +0 spear.
You barely miss the adder. You grab the adder. Your squeeze misses the adder.
You constrict the adder. The adder completely misses you.
A gnoll comes into view. It is wielding a +0 club.
The gnoll hits you from afar with a +0 spear!
The adder bites you.
* * * LOW HITPOINT WARNING * * *
You are too injured to fight recklessly!
You are too injured to fight recklessly!
You are too injured to fight recklessly!
You hit the adder but do no damage.
The adder is lightly wounded.
You hit the gnoll. You constrict the adder. You block the gnoll's attack.
The gnoll misses you. You block the adder's attack.
Unknown command.
You barely miss the adder.
The adder is moderately wounded.
You hit the gnoll. You constrict the adder. The adder completely misses you.
The gnoll hits you with a +0 club!
* * * LOW HITPOINT WARNING * * *
The gnoll barely misses you. The adder misses you.
The gnoll hits you with a +0 club.
You die...

##.....# .......# .#.#
.......# .#.#
..#....###### .g.
..#...).....## ..#
#####........####..##
#|...............g .
#............###g#.# ..
##.#........####@#.#....
#.#...#.#### #..S......
#.#...#.# #..####.###
#.#...#.# #...†......
#.#...#.# #†####.####
#.......# #.####.#...
####†#########..)......#
###.....>......#####.##.#
.........#####)#


You could see 3 gnolls and an adder.

Vanquished Creatures
  An adder (D:2)
  2 gnolls
  A dart slug (D:1)
  3 orcs (D:2)
  2 ball pythons
  3 bats
  5 endoplasms
  A giant cockroach (D:1)
  4 goblins
  4 hobgoblins
  3 jackals (D:2)
  A quokka (D:2)
  3 frilled lizards
  2 kobolds
  5 rats
40 creatures vanquished.

Notes
Turn   | Place    | Note
-------+----------+-------------------------------------------
     0 | D:1      | Inarius the Octopode Fighter began the quest for the Orb.
     0 | D:1      | Reached XP level 1. HP: 16/16 MP: 1/1
     6 | D:1      | Noticed a polar bear
     6 | D:1      | Noticed a rime drake
     6 | D:1      | Noticed an anaconda
     7 | D:1      | Noticed a brain worm
     7 | D:1      | Noticed a hog
   165 | D:1      | Reached XP level 2. HP: 21/21 MP: 2/2
   212 | D:1      | Reached XP level 3. HP: 26/26 MP: 3/3
  1202 | D:2      | Reached XP level 4. HP: 29/31 MP: 4/4
  1223 | D:2      | Slain by a gnoll

Illustrated notes

Levels and vault maps discovered:
D:1:      onia_arrival_zoo_common, layout_basic, minmay_cupped
D:2:      layout_loops_cross, dreamdust_wishing_well, hangedman_decor_push,
          grunt_ministairs_7

Skill      XL: |  1  2  3  4 |
---------------+-------------+-----
Axes           | 3 |  3.1
Fighting       | |  3.4
Dodging        | |  3.5
Stealth        | |  0.6
Shields        | |  3.3

Action                     |  1- 3 |  4- 6 || total
---------------------------+-------+-------++-------
  Melee: War axe           |    60 |    15 ||    75
         Tentacles         |    13 |     2 ||    15
         Constrict         |    13 |     5 ||    18
   Stab: Sleeping          |     2 |       ||     2
 Armour: Skin              |    17 |    14 ||    31
  Dodge: Dodged            |    28 |    16 ||    44
  Block: Buckler           |     8 |     7 ||    15

Table legend: (Time is in decaauts)
 A = Elapsed time spent in this place.
 B = Non-inter-level travel time spent in this place.
 C = Inter-level travel time spent in this place.
 D = Time resting spent in this place.
 E = Time spent auto-exploring this place.
 F = Levels seen in this place.
 G = Mean time per level.
                   A        B        C        D        E       F      G
               +--------+--------+--------+--------+--------+-----+--------+
         Total |   1253 |   1215 |     38 |     79 |    897 |   2 |  626.5 |
       Dungeon |   1253 |   1215 |     38 |     79 |    897 |   2 |  626.5 |
               +--------+--------+--------+--------+--------+-----+--------+

Top non-repeatable levels by time:
     D:1: 698 daAuts
     D:2: 554 daAuts
